AoeStats
← Yuhor28

Arena

508685395Analyzed
3v3 RM · 8d ago on Sep 23, 2026· 53m 35s· 6 players
Game mode
Random Map
Map size
Normal (6 player)
Population
200
Speed
Normal
Resources
Standard
Victory
Conquest
Starting age
Dark Age
Ending age
Imperial Age
RankedLock teamsTeams togetherTeam positionsShared explorationLock speedFull tech treeHidden civsTurbo modeCheats
Victory
Defeat
🇨🇿 Teutons · Czechia
867
+12
🇨🇿 Turks · Czechia
867
+12
🇨🇿 Britons · Czechia
854
+13
🇷🇺 Varangians · Russia
810
-13
🇹🇷 Turks · Türkiye
788
-13
🇹🇷 Bohemians · Türkiye
747
-11
Captain Klest
13:12 Feudal Age
17:02 Castle Age
18:26 Double-Bit Axe
18:24 Horse Collar
20:55 Heavy Plow
25:51 Wheelbarrow
25:42 Caravan
30:08 Imperial Age
28:45 Bow Saw
28:31 Gold Mining
29:23 Forging
29:19 Scale Barding Armor
35:26 Hand Cart
35:46 Fortified Wall
35:32 Murder Holes
35:58 Ballistics
36:39 Chemistry
35:03 Elite Jarl
36:06 Conscription
36:55 Iron Casting
36:41 Chain Barding Armor
36:55 Crop Rotation
38:14 Two-Man Saw
39:30 Bloodlines
39:20 Husbandry
Yüce Kral Raganvad
0:35 Loom
11:14 Feudal Age
11:43 Double-Bit Axe
11:42 Horse Collar
22:15 Castle Age
23:02 Heavy Plow
23:15 Bow Saw
25:08 Man-at-Arms
26:47 Squires
26:08 Pikeman
26:44 Long Swordsman
30:21 Forging
30:12 Scale Mail Armor
30:03 Fletching
30:13 Padded Archer Armor
30:18 Scale Barding Armor
31:07 Elite Skirmisher
32:50 Wheelbarrow
37:53 Imperial Age
35:11 Arson
36:42 Hand Cart
37:05 Wagenburg Tactics
37:16 Crossbowman
39:39 Two-Man Saw
38:19 Elite Hussite Wagon
40:08 Iron Casting
39:28 Bodkin Arrow
42:20 Chemistry
43:26 Arbalester
47:31 Conscription
47:00 Two-Handed Swordsman
48:15 Leather Archer Armor
48:01 Bracer
49:05 Onager
49:48 Halberdier
Yuhor28
12:42 Feudal Age
17:45 Castle Age
17:47 Scale Barding Armor
19:06 Bloodlines
18:57 Husbandry
23:59 Fletching
24:30 Chain Barding Armor
31:21 Imperial Age
37:37 Padded Archer Armor
37:33 Bodkin Arrow
38:15 Plate Barding Armor
38:44 Leather Archer Armor
42:15 Cavalier
51:42 Ballistics
Surgen
11:18 Feudal Age
13:16 Double-Bit Axe
13:13 Horse Collar
17:44 Castle Age
16:08 Gold Mining
19:39 Gold Shaft Mining
20:19 Bow Saw
23:16 Heavy Plow
23:51 Padded Archer Armor
33:00 Wheelbarrow
33:50 Leather Archer Armor
33:26 Fletching
35:55 Stone Mining
36:08 Bodkin Arrow
37:08 Hand Cart
37:30 Caravan
44:18 Imperial Age
42:17 Town Watch
42:18 Loom
45:46 Artillery
45:06 Elite Janissary
47:32 Ring Archer Armor
47:06 Bracer
ThorhammerCZ
9:50 Feudal Age
10:27 Double-Bit Axe
10:25 Horse Collar
19:21 Castle Age
20:06 Gold Mining
20:07 Stone Mining
20:38 Caravan
21:09 Bow Saw
22:47 Heavy Plow
26:48 Gold Shaft Mining
27:06 Town Watch
27:57 Wheelbarrow
27:31 Padded Archer Armor
27:22 Fletching
27:55 Ballistics
28:30 Leather Archer Armor
32:13 Imperial Age
29:46 Pikeman
30:29 Squires
30:30 Bodkin Arrow
33:14 Hand Cart
34:46 Chemistry
33:50 Scale Mail Armor
36:59 Yeomen
36:00 Elite Longbowman
37:14 Bracer
39:06 Ring Archer Armor
38:52 Chain Mail Armor
38:47 Forging
38:29 Arrowslits
38:40 Murder Holes
38:51 Siege Engineers
38:57 Masonry
40:28 Scale Barding Armor
41:24 Hoardings
42:15 Plate Mail Armor
42:22 Iron Casting
46:14 Blast Furnace
44:50 Halberdier
46:11 Fortified Wall
53:09 Town Patrol
53:06 Heated Shot
52:56 Treadmill Crane
53:47 Architecture
Majk
10:03 Feudal Age
10:53 Double-Bit Axe
12:48 Wheelbarrow
13:50 Stone Mining
17:11 Castle Age
16:41 Loom
18:30 Bow Saw
21:13 Town Watch
22:27 Gold Mining
24:57 Caravan
26:29 Hand Cart
27:08 Horse Collar
27:36 Scale Barding Armor
27:31 Scale Mail Armor
27:42 Forging
28:22 Pikeman
29:02 Squires
28:48 Arson
31:15 Chain Mail Armor
31:36 Iron Casting
34:37 Imperial Age
35:05 Imperial Age
33:27 Town Patrol
35:19 Elite Teutonic Knight
35:46 Cavalier
37:38 Blast Furnace
37:09 Plate Mail Armor
36:59 Chain Barding Armor
36:27 Capped Ram
39:08 Chemistry
39:57 Paladin
42:27 Two-Man Saw
41:30 Heavy Plow
41:34 Halberdier
43:25 Plate Barding Armor
42:52 Padded Archer Armor
45:57 Ballistics
Connection lost

Rejoining the realm…

Still unreachable

The connection could not be restored.

Session expired

The server has moved on; the page needs a fresh start.